 Dungeon Crawl Stone Soup version 0.32-a0-481-g9ce6b883f8 (webtiles) character file.

Game seed: 15560230950253208792

1710 CrazyBamboolord the Trooper (level 9, -7/71 HPs)
             Began as a Coglin Berserker on Feb 26, 2024.
             Was a Priest of Trog.
             Killed from afar by Maggie (32 damage)
             ... with a bolt of fire
             ... on level 7 of the Dungeon.
             The game lasted 00:07:02 (5411 turns).

CrazyBamboolord the Trooper (Coglin Berserker)      Turns: 5411, Time: 00:07:03

Health: -7/71      AC:  8    Str: 17    XL:     9   Next: 3%
Magic:  0/9        EV: 14    Int:  6    God:    Trog [***...]
Gold:   333        SH:  0    Dex: 19    Spells: 8/8 levels left

rFire   . . .        a - +0 falchion {Suchat}
rCold   . . .        x - +0 falchion (elec) {Kenzo}
rNeg    . . .        q - +3 leather armour
rPois   .            (no helmet)
rElec   .            (no cloak)
rCorr   .            f - +0 pair of gloves
SInv    .            (no boots)
Will    .....        u - amulet of guardian spirit
Stlth   +            (ring unavailable)
HPRegen 0.31/turn    (ring unavailable)
MPRegen 0.11/turn

%: guardian spirit
@: on berserk cooldown, mesmerised, slowed, revved, very slow
A: off-hand wielding, slow wielding, warmup strikes, no rings
a: Renounce Religion, Berserk, Trog's Hand


You were on level 7 of the Dungeon.
You worshipped Trog.
Trog was most pleased with you.
You visited 1 branch of the dungeon, and saw 7 of its levels.

You collected 333 gold pieces.

Inventory:

Hand Weapons
 a - a +0 falchion (weapon) {Suchat}
 x - a +0 falchion of electrocution (offhand) {Kenzo}
Armour
 f - a +0 pair of gloves (worn)
 q - a +3 leather armour (worn)
Jewellery
 i - an amulet of faith
 u - an amulet of guardian spirit (around neck)
Wands
 s - a wand of paralysis (14)
Scrolls
 b - a scroll of brand weapon
 d - a scroll of vulnerability {unknown}
 e - a scroll of fog {unknown}
 k - a scroll of enchant armour {unknown}
 m - a scroll of enchant weapon {unknown}
 r - a scroll of revelation {unknown}
 t - a scroll of acquirement {unknown}
 v - a scroll of fear {unknown}
 w - a scroll of blinking {unknown}
Potions
 g - a potion of attraction {unknown}
 h - 2 potions of heal wounds
 j - a potion of berserk rage {unknown}
 l - a potion of invisibility {unknown}
 n - a potion of might {unknown}
 o - 3 potions of curing
 p - a potion of lignification {unknown}


   Skills:
 * Level 6.7 Fighting
 * Level 6.6 Long Blades
 * Level 5.6 Armour
 + Level 4.2 Dodging


You had 8 spell levels left.
You didn't know any spells.
Your spell library was empty.

Dungeon Overview and Level Annotations

Branches:
Dungeon (7/15)
 Temple: D:4-7

Altars:
Ashenzari
Fedhas
Hepliaklqana
Okawaru
Qazlal
Wu Jian
The Shining One

Shops:
D:2 (=(   D:5 :

Annotations:
D:2 exclusion: downstairs
D:7 Maggie


Innate Abilities, Weirdness & Mutations

You can wield a second weapon in your off-hand.
It takes a long time for you to wield or remove held weapons.
Your first few attacks do less damage.
Your grasper-arms cannot wear rings.


Message History

You slash the wight with your +0 falchion!
You destroy the wight!
Trog accepts your kill.
Your life force feels restored.
Items here: )) [[.
You feel a strong urge to attack something.
You are no longer berserk.
You are exhausted.
You feel yourself slow down.
Press: ? - help, v - describe, . - travel The floor.
Maggie the Vainglorious comes into view.
She is wielding a +0 halberd.
Maggie gestures wildly while chanting.
Maggie attempts to bespell you!
You are mesmerised by Maggie!
Maggie mumbles the words to a spell, but in the wrong order.
You see here 2 scrolls of identify.
Maggie hits you but does no damage.
Maggie gestures wildly while chanting.
Maggie draws you further into her thrall.
Maggie hits you with a +0 halberd!
You hit Maggie with your +0 falchion of electrocution.
Maggie is lightly wounded.
You hit Maggie but do no damage. Maggie hits you with a +0 halberd.
Maggie barely misses you.
You slash Maggie with your +0 falchion!
Maggie is moderately wounded.
You hit Maggie with your +0 falchion of electrocution.
Lightning courses through Maggie! Maggie hits you with a +0 halberd!
You hit Maggie but do no damage.
Maggie is heavily wounded.
You hit Maggie but do no damage. Maggie misses you.
Maggie hits you but does no damage.
You hit Maggie with your +0 falchion of electrocution.
Lightning courses through Maggie!
Maggie is severely wounded.
You slash Maggie with your +0 falchion!
Maggie points at you and mumbles some strange words.
The bolt of fire hits you!!!
You die...

#...........#####....#
##.......####........##
##...##.####.........#
#....##.............#
#....##..#....)))....##
>..#####.....#..).....##
.#. #........###?......#
..............##...#...#
.. ......#......@.....##
......#.....@....##.#
......#.......<......#
#............##......#
....... .....# .......
#....# ....... ...##
.#..... ...#


You could see Maggie (mesmerising).

Vanquished Creatures
  Grinder (D:3)
  Sigmund (D:3)
  2 black bears
  2 ogres
  A centaur (D:5)
  2 scorpions
  5 wights (D:7)
  A howler monkey (D:6)
  5 bombardier beetles
  2 jellies (D:5)
  6 iguanas
  Terence (D:2)
  5 adders
  A white imp (D:5)
  3 dart slugs
  8 orcs
  9 ball pythons
  7 bats
  4 endoplasms
  5 hobgoblins
  3 jackals (D:2)
  3 quokkas
  3 frilled lizards
  9 goblins
  7 kobolds
  8 rats
104 creatures vanquished.

Notes
Turn   | Place    | Note
-------+----------+-------------------------------------------
     0 | D:1      | CrazyBamboolord the Coglin Berserker began the quest for
                  | the Orb.
     0 | D:1      | Reached XP level 1. HP: 18/18 MP: 1/1
   167 | D:1      | Reached XP level 2. HP: 24/24 MP: 2/2
   731 | D:2      | Noticed Terence
   738 | D:2      | Killed Terence
   739 | D:2      | Reached XP level 3. HP: 29/29 MP: 3/3
   756 | D:2      | Found Enweelee's Jewellery Emporium.
   775 | D:2      | Found Seidi's Weapon Shoppe.
   847 | D:2      | Reached ** piety under Trog
   852 | D:2      | Reached XP level 4. HP: 33/35 MP: 4/4
  1156 | D:2      | Found a faded altar of an unknown god.
  1334 | D:2      | Found Umiucai's Weapon Emporium.
  1608 | D:3      | Reached XP level 5. HP: 42/42 MP: 5/5
  1635 | D:3      | Noticed Sigmund
  1644 | D:3      | Killed Sigmund
  1645 | D:3      | Reached XP level 6. HP: 46/49 MP: 6/6
  1771 | D:3      | Noticed Grinder
  1777 | D:3      | Paralysed by Grinder for 2 turns
  1784 | D:3      | Killed Grinder
  1785 | D:3      | Reached XP level 7. HP: 55/55 MP: 7/7
  2341 | D:4      | Found a blossoming altar of Fedhas.
  2341 | D:4      | Found a broken altar of Ashenzari.
  2341 | D:4      | Found a glowing golden altar of the Shining One.
  2508 | D:4      | Reached *** piety under Trog
  2568 | D:4      | Reached skill level 5 in Fighting
  2568 | D:4      | Reached skill level 5 in Long Blades
  2916 | D:4      | Found an ornate altar of the Wu Jian Council.
  3084 | D:5      | Entered Level 5 of the Dungeon
  3362 | D:5      | Found a stormy altar of Qazlal.
  3600 | D:5      | Reached XP level 8. HP: 59/63 MP: 6/8
  3613 | D:5      | Found Jeizych's Book Emporium.
  4421 | D:6      | Reached skill level 5 in Armour
  4484 | D:6      | Found a hazy altar of Hepliaklqana.
  4568 | D:6      | Found an iron altar of Okawaru.
  5399 | D:7      | Reached XP level 9. HP: 56/70 MP: 6/9
  5403 | D:7      | Noticed Maggie
  5411 | D:7      | Killed from afar by Maggie

Illustrated notes

Levels and vault maps discovered:
D:1:      lightli_arrival_noodles, layout_basic
D:2:      layout_loops_ring, serial_shops, shop_fountains,
          nicolae_shop_rolling_square, nicolae_shop_statue_plus,
          dilly_ecumenical_altar_fadedgnrine, minmay_misc_feat_iff, uniq_terence
D:3:      layout_rooms, kennysheep_small_spiral, uniq_grinder, uniq_sigmund
D:4:      layout_loops_ring, chequers_temple_overflow_statue_of_worship,
          nicolae_wu_jian_immortal_techniques
D:5:      layout_basic, nicolae_overflow_crystal_walls, serial_shops,
          nicolae_shop_temple_entry_statues_fountains
D:6:      layout_gridville, old_standard_altar, mainiacjoe_overflow_boulevard
D:7:      layout_cave_pools, mainiacjoe_overflow_surrounded_room,
          minmay_temple_entry_junction, st_stairs_2, uniq_prince_ribbit1,
          uniq_maggie

Skill      XL: |  1  2  3  4  5  6  7  8 |
---------------+-------------------------+-----
Armour         | 2 3 4 5 |  5.6
Dodging        | 2 3 4 |  4.2
Fighting       | 4 5 6 |  6.7
Long Blades    | 4 5 6 |  6.6

Action                     |  1- 3 |  4- 6 |  7- 9 || total
---------------------------+-------+-------+-------++-------
  Melee: Falchion          |    54 |    45 |   272 ||   371
         Dagger            |    46 |    40 |   223 ||   309
 Invoke: Berserk           |     1 |     3 |     2 ||     6
    Use: Scroll            |       |       |     4 ||     4
   Stab: Sleeping          |       |     1 |     1 ||     2
 Armour: Leather armour    |    33 |    26 |   149 ||   208
         Animal skin       |     2 |       |       ||     2
  Dodge: Dodged            |    43 |    28 |   142 ||   213

Table legend: (Time is in decaauts)
 A = Elapsed time spent in this place.
 B = Non-inter-level travel time spent in this place.
 C = Inter-level travel time spent in this place.
 D = Time resting spent in this place.
 E = Time spent auto-exploring this place.
 F = Levels seen in this place.
 G = Mean time per level.
                   A        B        C        D        E       F      G
               +--------+--------+--------+--------+--------+-----+--------+
         Total |   5430 |   5174 |    256 |     28 |   4166 |   7 |  775.7 |
       Dungeon |   5430 |   5174 |    256 |     28 |   4166 |   7 |  775.7 |
               +--------+--------+--------+--------+--------+-----+--------+

Top non-repeatable levels by time:
     D:5: 1185 daAuts
     D:6: 1055 daAuts
     D:3: 818 daAuts
     D:2: 803 daAuts
     D:4: 778 daAuts
     D:1: 714 daAuts
     D:7: 74 daAuts
